 Dungeon Crawl Stone Soup version 0.19.1-1-g22dce08 (console) character file.

300 Grinner the Sneak (level 6, 0/34 HPs)
             Began as a Kobold Artificer on Jan 18, 2017.
             Succumbed to an adder's poison
             ... on level 3 of the Dungeon.
             The game lasted 00:07:25 (1976 turns).

Grinner the Sneak (Kobold Artificer)                Turns: 1976, Time: 00:07:26

Health: 0/34       AC:  4    Str:  7 (9)  XL:     6   Next: 64%
Magic:  9/9        EV: 16    Int: 14 (17) God:
Gold:   102        SH:  0    Dex: 15 (16) Spells: 0 memorised, 5 levels left

rFire  . . .     SeeInvis .     a - +0 short sword
rCold  . . .     Gourm    .     b - +0 leather armour
rNeg   . . .     Faith    .     (shield restricted)
rPois  .         Spirit   .     (no helmet)
rElec  .         Reflect  .     (no cloak)
rCorr  .         Harm     .     l - +0 pair of gloves
MR     .....     Rnd*Tele +     (no boots)
Stlth  +++.......               (no amulet)
                                p - -2 ring of dexterity (curse)
                                g - ring of teleportation (curse)

@: brilliant, lethally poisoned (0 -> -5)
A: carnivore 3
a: no special abilities


You were on level 3 of the Dungeon.
You were full.

You visited 1 branch of the dungeon, and saw 3 of its levels.

You collected 102 gold pieces.

Inventory:

Hand Weapons
 a - a +0 short sword (weapon)
Armour
 b - a +0 leather armour (worn)
 l - a +0 pair of gloves (worn)
Jewellery
 g - a cursed ring of teleportation (left hand)
 h - an uncursed ring of protection from magic
 p - a cursed -2 ring of dexterity (right hand)
Wands
 c - a wand of flame (14/48)
 d - a wand of enslavement (15/24)
 e - a wand of random effects (7/48)
Scrolls
 i - a scroll of teleportation
Comestibles
 f - a meat ration
 k - a slice of pizza


   Skills:
 - Level 1.1 Fighting
 + Level 3.6 Short Blades
 + Level 4.1 Dodging
 * Level 5.6 Stealth
 + Level 5.0 Evocations


You had 5 spell levels left.
You didn't know any spells.

Dungeon Overview and Level Annotations

Branches:
Dungeon (3/15)

Altars:
Elyvilon


Innate Abilities, Weirdness & Mutations

You are small and have problems with some larger weapons.
You are carnivorous and can eat meat at any time.


Message History

You hit the adder.
The adder is heavily wounded.
The kobold hits you.
* * * LOW HITPOINT WARNING * * *
The adder completely misses you.
It was a potion of brilliance.
You feel clever all of a sudden.
* * * LOW HITPOINT WARNING * * *
You feel sick. The kobold closely misses you. The adder misses you.
You hit the adder.
The adder is almost dead.
* * * LOW HITPOINT WARNING * * *
You feel sick. The adder barely misses you. The kobold closely misses you.
You closely miss the adder.
The adder is almost dead.
The adder completely misses you. The kobold closely misses you.
The adder misses you.
You hit the adder but do no damage.
The adder is almost dead.
You die...

#.............#
#.#.#.#.#.#.#.#
#...........$.#
#...⌠.[...⌠...#
......._.......
....⌠.....⌠....
..)............
..#.#.#.#.#.#..
.......@S......
......(.K.##[#.
#########.# ..
.# # .# # #.#..


You could see an adder and a kobold.

Vanquished Creatures
  Sigmund (D:2)
  Jessica (D:2)
  5 adders
  A worm (D:2)
  3 dart slugs
  A leopard gecko (D:1)
  An orc (D:3)
  A ball python (D:1)
  4 giant cockroaches
  11 goblins
  3 hobgoblins
  2 jackals (D:2)
  11 kobolds
  A quokka (D:2)
  3 bats
  4 frilled lizards
  6 rats
59 creatures vanquished.

Notes
Turn   | Place    | Note
-------+----------+-------------------------------------------
     0 | D:1      | Grinner the Kobold Artificer began the quest for the Orb.
     0 | D:1      | Reached XP level 1. HP: 12/12 MP: 3/3
   207 | D:1      | Reached XP level 2. HP: 16/16 MP: 4/4
   509 | D:1      | Reached XP level 3. HP: 18/20 MP: 5/5
   887 | D:2      | Noticed Sigmund
   892 | D:2      | Killed Sigmund
   892 | D:2      | Reached skill level 5 in Stealth
   892 | D:2      | Reached XP level 4. HP: 13/25 MP: 5/7
   892 | D:2      | Reached XP level 5. HP: 16/29 MP: 5/8
   892 | D:2      | Reached XP level 6. HP: 18/34 MP: 5/9
  1127 | D:2      | Noticed Jessica
  1147 | D:2      | Killed Jessica
  1322 | D:2      | Reached skill level 5 in Evocations
  1953 | D:3      | Found a white marble altar of Elyvilon.
  1974 | D:3      | HP: 1/34 [poisoned by an adder]
  1976 | D:3      | Succumbed to an adder's poison

Skill      XL: |  1  2  3  4  5  6 |
---------------+-------------------+-----
Stealth        | 2 5 |  5.6
Dodging        | 3 4 |  4.1
Short Blades   | 3 |  3.6
Evocations     | 4 5 |  5.0
Fighting       | |  1.1

Action                   |  1- 3 |  4- 6 || total
-------------------------+-------+-------++-------
Melee: Short sword       |    89 |   139 ||   228
Evoke: Wand              |     5 |     4 ||     9
  Use: Scroll            |       |     4 ||     4
       Potion            |       |     4 ||     4
 Stab: Sleeping          |     3 |     7 ||    10
  Eat: Chunk             |     4 |     4 ||     8
Armor: Leather armour    |    10 |    28 ||    38
Dodge: Dodged            |    59 |   108 ||   167
